 Dungeon Crawl Stone Soup version 0.32-a0-42-ga30500b4d3 (webtiles) character file.

Game seed: 5543853113387638895

46 whatisthis the Charlatan (level 3, -3/29 HPs)
             Began as a Demonspawn Artificer on Jan 30, 2024.
             Slain by Sigmund
             ... wielding a +2 heavy scythe
              (13 damage)
             ... on level 2 of the Dungeon.
             The game lasted 00:03:14 (752 turns).

whatisthis the Charlatan (Demonspawn Artificer)      Turns: 752, Time: 00:03:15

Health: -3/29      AC:  7    Str: 14    XL:     3   Next: 44%
Magic:  3/3        EV:  9    Int: 11    God:
Gold:   40         SH:  0    Dex: 13    Spells: 2/2 levels left

rFire   . . .        g - +0 hand axe
rCold   . . .        (no shield)
rNeg    . . .        n - +0 scale mail
rPois   .            i - +0 helmet
rElec   .            (no cloak)
rCorr   +            (no gloves)
SInv    .            (no boots)
Will    .....        (no amulet) Stlth
                     f - ring of resist corrosion
HPRegen 0.24/turn    (no ring)
MPRegen 0.08/turn

%: no passive effects
@: no status effects
A: spiny 1
a: no special abilities


You were on level 2 of the Dungeon.
You visited 1 branch of the dungeon, and saw 2 of its levels.

You collected 40 gold pieces.

Inventory:

Hand Weapons
 g - a +0 hand axe (weapon)
Armour
 b - a +0 leather armour
 i - a +0 helmet (worn)
 n - a +0 scale mail (worn)
 p - a +0 chain mail
Jewellery
 f - a ring of resist corrosion (left hand)
Wands
 c - a wand of flame (15) (quivered)
 d - a wand of charming (13)
 e - a wand of iceblast (5)
Scrolls
 a - a scroll of torment {unknown}
 h - 2 scrolls of noise {unknown}
 j - a scroll of revelation {unknown}
 k - a scroll of enchant weapon {unknown}
 l - 2 scrolls of fog {unknown}
 q - a scroll of identify {unknown}
Potions
 m - a potion of degeneration {unknown}
 o - 2 potions of magic {unknown}


   Skills:
 + Level 3.0 Fighting
 + Level 2.2 Armour
 - Level 0.8 Dodging
 - Level 0.8 Stealth
 - Level 3.0 Evocations


You had 2 spell levels left.
You didn't know any spells.
Your spell library contained the following spells:

 Spells                   Type           Power      Damage    Failure   Level
 Mercury Vapours          Alch/Air       0%         N/A       92%         2
 Mephitic Cloud           Conj/Alch/Air  0%         N/A       99%         3
 Freezing Cloud           Conj/Ice/Air   0%         6-21      100%        5


Dungeon Overview and Level Annotations

Branches:
Dungeon (2/15)

Altars:

Annotations:
D:2 Robin, Sigmund


Innate Abilities, Weirdness & Mutations

You are partially covered in sharp spines.


Message History

Press: ? - help, Dir - move target Fall back!
Things that are here:
a +0 club; a +0 sling
Items here: )) †††††.
Sigmund shouts!
You see here a quokka corpse.
Aiming: Charm
Press: ? - help, Shift-Dir - straight line, f - you
Okay, then.
Items here: )) †††††.
Sigmund says, "I'm your fate."
Sigmund casts a spell.
Sigmund flickers and vanishes!
Deactivating autopickup; reactivate with Ctrl-A.
What are your orders? t - Shout!
Orders for allies: a - Attack new target. r - Retreat! s - Stop attacking. g - Guard the area. f - Follow me.
Anything else - Cancel.
Gang up on whom?
Press: ? - help, Dir - move target, f - you
Okay, then.
Robin is no longer charmed.
You barely miss Robin.
Robin is moderately wounded.
Robin hits you with a +0 dagger.
* * * LOW HITPOINT WARNING * * *
Aiming: Charm
Press: ? - help, Shift-Dir - straight line, f - Robin
Aim: Robin, wielding a +0 dagger, wearing a +0 animal skin, wearing a +0 helmet and carrying a wand of flame (moderately wounded, chance to affect: 65%) Robin is charmed.
Unknown command.
You swap places.
A magic dart appears from out of thin air!
The magic dart hits Robin.
Unknown command.
Something hits you!
You die...

#..# #..# #.>#
##..####.#
#........#
#...# #...#
#######...#
.......@..#
.######g#.#
#.#...
#.#####.#####
#.....)###
#.#####...##
#.#.........#
.#..###.#..####
... #.†.#!....


You could see the friendly Robin (charmed).

Vanquished Creatures
  2 dart slugs (D:1)
  2 ball pythons
  3 endoplasms
  3 giant cockroaches (D:1)
  9 goblins
  6 hobgoblins
  2 kobolds (D:2)
  2 quokkas (D:2)
  A bat (D:2)
  A frilled lizard (D:1)
  3 rats
34 creatures vanquished.

Vanquished Creatures (collateral kills)
  A hobgoblin (D:2)
1 creature vanquished.

Grand Total: 35 creatures vanquished

Notes
Turn   | Place    | Note
-------+----------+-------------------------------------------
     0 | D:1      | whatisthis the Demonspawn Artificer began the quest for the
                  | Orb.
     0 | D:1      | Reached XP level 1. HP: 15/15 MP: 1/1
   114 | D:1      | Gained mutation: You are partially covered in sharp spines.
                  | [demonic ancestry]
   114 | D:1      | Reached XP level 2. HP: 22/22 MP: 2/2
   541 | D:2      | Noticed Sigmund
   630 | D:2      | Reached XP level 3. HP: 22/28 MP: 3/3
   681 | D:2      | Noticed Robin
   752 | D:2      | Slain by Sigmund

Illustrated notes

Levels and vault maps discovered:
D:1:      minmay_arrival_arboretum_small, layout_basic,
          chequers_serial_rivers_small_a
D:2:      minmay_spotlight, layout_loops_ring,
          shapermc_ecumenical_altar_notcrosses, minmay_pentomino_v4,
          uniq_sigmund, uniq_robin

Skill      XL: |  1  2  3 |
---------------+----------+-----
Fighting       | 2 3 |  3.0
Armour         | 2 |  2.2
Dodging        | |  0.8
Stealth        | |  0.8
Evocations     | |  3.0

Action                     || total
---------------------------++-------
  Melee: Club              ||    26
         Hand axe          ||    52
         Punch             ||     2
  Evoke: Wand              ||     2
   Stab: Sleeping          ||     1
 Armour: Leather armour    ||    19
         Scale mail        ||    31
  Dodge: Dodged            ||    45

Table legend: (Time is in decaauts)
 A = Elapsed time spent in this place.
 B = Non-inter-level travel time spent in this place.
 C = Inter-level travel time spent in this place.
 D = Time resting spent in this place.
 E = Time spent auto-exploring this place.
 F = Levels seen in this place.
 G = Mean time per level.
                   A        B        C        D        E       F      G
               +--------+--------+--------+--------+--------+-----+--------+
         Total |    775 |    683 |     92 |     48 |    268 |   2 |  387.5 |
       Dungeon |    775 |    683 |     92 |     48 |    268 |   2 |  387.5 |
               +--------+--------+--------+--------+--------+-----+--------+

Top non-repeatable levels by time:
     D:1: 595 daAuts
     D:2: 179 daAuts
